Cogmind - Beta 13 @@@ ROGUE MODE // 2024.06.09 @ 03:24:29 Player: Sage Result: Destroyed by G-34 Mercenary with Small Laser Performance ------------- Evolutions (0) 0 Regions Visited (4) 800 Robots Destroyed (28) 140 Value Destroyed (527) 527 Prototype IDs (27) 540 Alien Tech Used (0) 0 Bonus (-11) -11 TOTAL SCORE: 1996 Bonus ------- Aligned with FarCom 300 Friendly Fire -311 Cogmind --------- Core Integrity 0/250 Matter 191/300 Energy 214/250 System Corruption 0% Temperature Cool (6) Movement Walking (45) Location -9/Mines Parts ------- > --- POWER (1) -------- Ion Engine > --- PROPULSION (2) --- Potential Leg Potential Leg > --- UTILITY (2) ------ Large Storage Unit > --- WEAPON (2) ------- Medium Laser Particle Gun > --- INVENTORY (15) --- Wheel Heat Sink Improved Heat Sink Small Storage Unit High-capacity Matter Pod (200) Sensor Array Faulty Experimental Sensor Array Improved Terrain Scanner Propulsion Shielding Particle Cannon Light Assault Rifle Peak State ------------ > --- POWER ------------ Ion Engine > --- PROPULSION ------- Potential Leg Potential Leg > --- UTILITY ---------- Large Storage Unit Signal Interpreter > --- WEAPON ----------- Particle Cannon Rocket Launcher > --- INVENTORY -------- Ion Engine Wheel Heat Sink Improved Heat Sink Small Storage Unit High-capacity Matter Pod Sensor Array Experimental Sensor Array Improved Terrain Scanner Propulsion Shielding Light Armor Plating Medium Laser Particle Gun Light Assault Rifle [Rating: 29] Favorites ----------- Power Light Ion Engine Engine Light Ion Engine Propulsion Light Treads Treads Light Treads Leg Potential Leg Wheel Wheel Utility Large Storage Unit Device Improved Terrain Scanner Storage Large Storage Unit Processor Signal Interpreter Protection Propulsion Shielding Weapon Light Assault Rifle Energy Gun Medium Laser Energy Cannon Particle Cannon Ballistic Gun Light Assault Rifle Launcher Rocket Launcher Build | -11 -10 -10 -10 -9 ------- Run | Yrd Mat Min Exi Min Slots Evolved . | . . . . . Power . | . . . . . Propulsion . | . . . . . Utility . | . . . . . Weapon . | . . . . . Parts Attached 24 | 8 5 3 2 6 Power 3 | 1 . 1 . 1 Engine 3 | 1 . 1 . 1 Core . | . . . . . Reactor . | . . . . . Propulsion 7 | 3 . 2 2 . Treads 2 | 2 . . . . Leg 2 | . . . 2 . Wheel 3 | 1 . 2 . . Hover . | . . . . . Flight . | . . . . . Utility 8 | 2 4 . . 2 Device 2 | 1 1 . . . Storage 2 | 1 1 . . . Processor 1 | . 1 . . . Hackware . | . . . . . Protection 3 | . 1 . . 2 Artifact . | . . . . . Weapon 6 | 2 1 . . 3 Energy Gun 3 | 1 . . . 2 Energy Cannon 1 | . 1 . . . Ballistic Gun 1 | 1 . . . . Ballistic Cannon . | . . . . . Launcher 1 | . . . . 1 Special Weapon . | . . . . . Impact Weapon . | . . . . . Slashing Weapon . | . . . . . Piercing Weapon . | . . . . . Special Melee Weapon . | . . . . . Unidentified Prototypes . | . . . . . Parts Lost 4 | . . 1 . 3 Power 1 | . . . . 1 Propulsion 1 | . . 1 . . Utility 1 | . . . . 1 Weapon 1 | . . . . 1 Highest Loss Streak 2 | . . 1 . 2 To Critical Strikes . | . . . . . Average Slot Usage (%) 98 | . 99 96 100 96 Engine 13 | . 14 14 14 13 Treads 14 | . 28 10 . . Leg 3 | . . . 11 28 Wheel 8 | . . 13 16 . Device 2 | . 8 . . . Storage 14 | . 14 14 14 14 Processor 10 | . 5 14 14 7 Energy Gun 2 | . 4 . . 7 Energy Cannon 11 | . 9 14 14 7 Ballistic Gun 13 | . 14 14 14 1 Naked Turns . | . . . . . Heaviest Build 33 | 12 28 30 30 33 Greatest Support 60 | 40 40 40 60 60 Greatest Overweight (x) 1 | . . 1 1 . Average Overweight (x) . | . . . . . Largest Inventory Capacity 15 | 8 15 15 15 15 Average Capacity 13 | 7 10 15 15 15 Most Carried 15 | 2 8 14 15 14 Average Carried 9 | 1 5 11 14 13 Final Capacity 15 | 8 15 15 15 15 Final Carried 14 | 2 8 14 14 11 Class Distribution -------------------- 100% | Mutant Dominant Class ---------------- Mutant | -10/Materials Mutant | -10/Mines Mutant | -10/Exiles Mutant | -9/Mines Resources | -11 -10 -10 -10 -9 ----------- Run | Yrd Mat Min Exi Min Matter Collected 688 | 188 296 149 . 55 Remotely . | . . . . . Salvage Created 790 | 54 337 297 . 102 Parts 56 | 6 31 14 . 5 Haulers Intercepted . | . . . . . Recyclers Shooed . | . . . . . Parts Field Recycled . | . . . . . Retrieved Matter . | . . . . . Parts Self-Destructed . | . . . . . Prevented . | . . . . . Kills | -11 -10 -10 -10 -9 ------- Run | Yrd Mat Min Exi Min Combat Hostiles Destroyed 30 | . 12 6 . 12 Guns 6 | . 5 1 . . Cannons 12 | . 7 5 . . AOE 12 | . . . . 12 Classes Destroyed 6 | 1 4 . . 1 Tunneler 4 | 3 . 1 . . Operator 1 | . 1 . . . Watcher 3 | . 3 . . . Swarmer 9 | . 9 . . . Grunt 11 | . 3 6 . 2 Assembled 12 | . . . . 12 Best Kill Streak 12 | 3 3 2 . 12 Combat Bots Only 12 | . 3 2 . 12 Max Kills in Single Turn 8 | 1 1 1 . 8 Gunslinging . | . . . . . Exploded 7 | . . . . 7 Melee . | . . . . . Uniques/NPCs Destroyed . | . . . . . Combat | -11 -10 -10 -10 -9 -------- Run | Yrd Mat Min Exi Min Hostile Shots Fired 100 | . 49 25 . 26 Missed 25 | . 14 6 . 5 Damage Taken 1261 | . 294 248 . 719 Core 252 | . 41 48 . 163 Absorbed by Shields . | . . . . . Redirected to Shielding 24 | . . . . 24 Core Remaining (%) 100 | 100 . . . . Volleys Fired 87 | 7 38 33 . 9 Largest 2 | 2 2 2 . 2 Hottest 98 | 70 88 88 . 98 Shots Fired 167 | 14 76 66 . 11 Gun 103 | 14 54 33 . 2 Cannon 55 | . 22 33 . . Launcher 9 | . . . . 9 Special . | . . . . . Kinetic 78 | 7 38 33 . . Thermal 80 | 7 38 33 . 2 Explosive 9 | . . . . 9 Electromagnetic . | . . . . . Robot Hit Streak 16 | 3 16 10 . 2 Robot Miss Streak 5 | 1 5 3 . 5 Penetration Max . | . . . . . Secondary Targets 2 | . 2 . . . Max Gunslinging Chain 1 | . 1 . . . Shots Hit Robots 98 | 9 42 45 . 2 Core Hits 72 | 5 25 16 . 26 Critical Kills . | . . . . . Critical Parts Destroyed . | . . . . . Critical Strikes 2 | . 2 . . . Burn 2 | . 2 . . . Melee Attacks . | . . . . . Impact . | . . . . . Slashing . | . . . . . Piercing . | . . . . . Sneak Attacks . | . . . . . Combat Hostiles . | . . . . . Follow-up Attacks . | . . . . . Damage Inflicted 2080 | 86 574 674 . 746 Guns 533 | 86 287 160 . . Cannons 801 | . 287 514 . . Explosions 746 | . . . . 746 Melee . | . . . . . Ramming . | . . . . . Kinetic 347 | 37 150 160 . . Thermal 987 | 49 424 514 . . Explosive 746 | . . . . 746 Electromagnetic . | . . . . . Impact . | . . . . . Slashing . | . . . . . Piercing . | . . . . . Highest Corruption . | . . . . . Average Corruption . | . . . . . Corruption Purged . | . . . . . Corruption Blocked . | . . . . . Overload Shots . | . . . . . Overflow Damage 45 | . 10 11 . 24 Projectiles 21 | . 10 11 . . Explosions 24 | . . . . 24 Melee . | . . . . . Knockbacks . | . . . . . Impact . | . . . . . Kinetic . | . . . . . Secondary . | . . . . . Self-Inflicted Damage 46 | . . . . 46 Shots 2 | . . . . 2 Rammed . | . . . . . Targets Rammed . | . . . . . Kicked . | . . . . . Crushed . | . . . . . Highest Temperature 266 | 40 236 266 . 52 Average Temperature 78 | 19 67 104 . 24 Received Heat Transfer 250 | . 48 141 . 61 Effects 2 | . . 2 . . Interference 2 | . . 2 . . Siege Activations . | . . . . . Robots Corrupted . | . . . . . Combat Hostiles . | . . . . . Parts Fried . | . . . . . Impact Corruptions . | . . . . . Robots Melted . | . . . . . Combat Hostiles . | . . . . . Parts Melted 3 | . 3 . . . Heat Transferred 2146 | 148 1073 925 . . Parts Sabotaged . | . . . . . Parts Stolen . | . . . . . Parts Stripped . | . . . . . Power Chain Reactions . | . . . . . Alert | -11 -10 -10 -10 -9 ------- Run | Yrd Mat Min Exi Min Peak Influence 218 | 15 218 146 . 64 Initial 26 | . 9 26 . . Average 73 | 5 118 50 . 28 Maximum Alert Level 1 | . 1 . . . Low Security (%) 94 | 100 85 100 . 100 Level 1 5 | . 14 . . . Level 2 . | . . . . . Level 3 . | . . . . . Level 4 . | . . . . . Level 5 . | . . . . . High Security . | . . . . . Max Security . | . . . . . Squads Dispatched 2 | . 2 . . . Investigation 1 | . 1 . . . Extermination . | . . . . . Reinforcement 1 | . 1 . . . Assault . | . . . . . Garrison . | . . . . . Intercept . | . . . . . Searches Triggered . | . . . . . Construction Impeded . | . . . . . Haulers Reinforced . | . . . . . Active Scanning Responses . | . . . . . Cargo Convoy Interrupts . | . . . . . Stealth | -11 -10 -10 -10 -9 --------- Run | Yrd Mat Min Exi Min Distress Signals 2 | . 2 . . . Communications Jammed . | . . . . . Distress Signals . | . . . . . Times Spotted 43 | . 17 8 . 18 Peak Tracking Total 12 | . 4 2 . 12 Tactical Retreats 3 | . . 2 . 1 Traps | -11 -10 -10 -10 -9 ------- Run | Yrd Mat Min Exi Min Traps Triggered . | . . . . . Indirectly . | . . . . . Trap Hack Attempts . | . . . . . Triggered . | . . . . . Disarmed . | . . . . . Reprogrammed . | . . . . . Reused . | . . . . . Traps Extracted . | . . . . . Installed . | . . . . . Triggered . | . . . . . Machines | -11 -10 -10 -10 -9 ---------- Run | Yrd Mat Min Exi Min Machines Disabled . | . . . . . Max in Single Turn . | . . . . . Machines Repaired . | . . . . . Machines Dismantled . | . . . . . Machines Sabotaged . | . . . . . Overloaded Fab Kills . | . . . . . Hacking | -11 -10 -10 -10 -9 --------- Run | Yrd Mat Min Exi Min Machines Accessed 9 | . 5 1 3 . Terminals 6 | . 5 1 . . Fabricators . | . . . . . Repair Stations . | . . . . . Recycling Units . | . . . . . Scanalyzers . | . . . . . Garrison Access . | . . . . . Total Hacks 31 | . 15 3 13 . Successful 23 | . 8 2 13 . Failed 7 | . 6 1 . . Catastrophic 1 | . 1 . . . Database Lockouts 1 | . 1 . . . Manual 11 | . 8 2 1 . Terminals 18 | . 15 3 . . Fabricators . | . . . . . Repair Stations . | . . . . . Recycling Units . | . . . . . Scanalyzers . | . . . . . Garrison Access . | . . . . . Terminal Hacks 23 | . 8 2 13 . Record 12 | . . . 12 . Prototype ID Bank 3 | . 2 1 . . Terminal Index 1 | . 1 . . . Alert Level 1 | . 1 . . . Locate Traps 2 | . 2 . . . Transport Status 1 | . 1 . . . Hauler Manifests 1 | . 1 . . . Zone Layout 1 | . . 1 . . Derelict Proto ID Bank 1 | . . . 1 . Fabricator Hacks . | . . . . . Repair Station Hacks . | . . . . . Recycling Unit Hacks . | . . . . . Scanalyzer . | . . . . . Garrison Access Hacks . | . . . . . Unauthorized Hacks . | . . . . . Terminals . | . . . . . Fabricators . | . . . . . Repair Stations . | . . . . . Recycling Units . | . . . . . Scanalyzers . | . . . . . Garrison Access . | . . . . . Data Cores Recovered . | . . . . . Used . | . . . . . Hacking Detections 6 | . 5 1 . . Full Trace Events 1 | . 1 . . . Feedback Events . | . . . . . Feedback Blocked . | . . . . . Robot Schematics Acquired . | . . . . . Robots Built . | . . . . . Authchips . | . . . . . Time . | . . . . . Total Robot Build Rating . | . . . . . Part Schematics Acquired . | . . . . . Parts Built . | . . . . . Authchips . | . . . . . Time . | . . . . . Total Part Build Rating . | . . . . . Parts Repaired . | . . . . . Time . | . . . . . Parts Recycled . | . . . . . Recycled Matter . | . . . . . Retrieved Matter . | . . . . . Retrieved Components . | . . . . . Parts Scanalyzed . | . . . . . Part Schematics Acquired . | . . . . . Parts Damaged . | . . . . . Bothacking | -11 -10 -10 -10 -9 ------------ Run | Yrd Mat Min Exi Min Used RIF Installer . | . . . . . Robots Hacked . | . . . . . Non-combat . | . . . . . Combat . | . . . . . Robot Hacks Applied . | . . . . . Relay Couplers Released . | . . . . . Fabnet Peak Effective % . | . . . . . Robots Rewired . | . . . . . Allies Hacked . | . . . . . Hacks Repelled . | . . . . . Allies | -11 -10 -10 -10 -9 -------- Run | Yrd Mat Min Exi Min Total Allies 3 | . . . . 3 Largest Group 3 | . . . . 3 Highest-Rated Group 40 | . . . . 40 Highest-Rated Ally 16 | . . . . 16 Total Orders 6 | . . . . 6 FOLLOW 1 | . . . . 1 GUARD 4 | . . . . 4 AID 1 | . . . . 1 Ally Attacks 11 | . . . . 11 Total Damage 58 | . . . . 58 Kills . | . . . . . Allies Corrupted . | . . . . . Allies Melted . | . . . . . Intel | -11 -10 -10 -10 -9 ------- Run | Yrd Mat Min Exi Min Robot Analysis Total . | . . . . . Derelict Logs Recovered 2 | . . 2 . . Drone Launches . | . . . . . Drone Recoveries . | . . . . . Exploration | -11 -10 -10 -10 -9 ------------- Run | Yrd Mat Min Exi Min Turns Passed 2353 | 119 806 907 361 160 Spaces Moved 1530 | 59 400 609 319 143 Core 3 | 3 . . . . Treads 639 | 51 400 188 . . Legs 243 | . . . 100 143 Wheels 645 | 5 . 421 219 . Hover . | . . . . . Flight . | . . . . . Fastest Speed 45 | 50 160 95 90 45 Average Speed 122 | 147 160 123 93 63 Slowest Speed 240 | 160 160 240 95 90 Overloaded Moves 83 | . . . . 83 Propulsion Burnouts . | . . . . . Robots Hopped . | . . . . . Cave-ins Triggered . | . . . . . Exploration Rate (%) 52 | 4 69 94 65 32 Regions Visited 4 Branch Regions 3 Pre-discovered Areas . | . . . . . Known Exits Taken 3 | . 1 1 1 . Unknown Exits Taken 1 | 1 . . . . Scrap Searched 1 | . . 1 . . Spaces Dug . | . . . . . Terrain Destroyed 92 | . . . . 92 Melee . | . . . . . Projectile . | . . . . . AOE 92 | . . . . 92 Terrain Rammed . | . . . . . Walls Destroyed . | . . . . . Machines Disabled . | . . . . . Actions | -11 -10 -10 -10 -9 --------- Run | Yrd Mat Min Exi Min Total 1859 | 75 498 702 382 202 Wait 194 | . 48 47 59 40 Move 1526 | 58 399 608 318 143 Hop . | . . . . . Pick Up 11 | 1 3 7 . . Fast Attach 15 | 8 3 2 2 . Attach 8 | . 1 1 . 6 Detach 12 | 1 4 2 1 4 Swap 1 | . 1 . . . Drop 5 | . 1 2 2 . Fire 87 | 7 38 33 . 9 Melee . | . . . . . Ram . | . . . . . Kick . | . . . . . Crush . | . . . . . Escape Stasis . | . . . . . Rewire . | . . . . . Trap . | . . . . . Miscellaneous . | . . . . . Route ------- -11/Scrapyard -10/Materials (discovered 2 exits: *Mat / *Min) -10/Mines (discovered 3 exits: *Mat x2 / *Exi) -10/Exiles (discovered 2 exits: *Min x2) -9/Mines History --------- Turn | Location | Event 14 | -11/Scrapyard | Discovered new exit (range 16) 120 | -11/Scrapyard | Entered Materials 335 | -10/Materials | Build established: Mutant 386 | -10/Materials | Discovered new exit (range 11) 523 | -10/Materials | Discovered new exit (range 7) 837 | -10/Materials | Central database locked down 924 | -10/Materials | Identified exit to Mines 926 | -10/Materials | Entered Mines 1004 | -10/Mines | Learned Materials security intel 1200 | -10/Mines | Found a hidden stash of uninstalled traps 1403 | -10/Mines | Received a Rocket Launcher from a helpful Derelict 1496 | -10/Mines | Found a damaged Exp. Sensor Array with a note attached 1498 | -10/Mines | Found Prototype Device 1516 | -10/Mines | Discovered new exit (range 5) 1519 | -10/Mines | Identified exit to Materials 1530 | -10/Mines | Discovered exit to Materials (range 5) 1828 | -10/Mines | Deemed a non-threat by the Exiles lab entrance 1829 | -10/Mines | Discovered new exit (range 5) 1832 | -10/Mines | Identified exit to Exiles 1833 | -10/Mines | Entered Exiles 1834 | -10/Exiles | Identified exit to Mines 1877 | -10/Exiles | Met 8R-AWN 1896 | -10/Exiles | Met EX-HEX 1930 | -10/Exiles | Met EX-BIN 1948 | -10/Exiles | Aligned with FarCom system 1948 | -10/Exiles | Given EX-Vault access code 1983 | -10/Exiles | Opened EX-Vault 2022 | -10/Exiles | Exiles lab attacked by MAIN.C 2042 | -10/Exiles | Found Potential Leg 2045 | -10/Exiles | Found Potential Leg 2194 | -10/Exiles | Left Exiles lab with Potential Leg 2194 | -10/Exiles | Entered Mines 2195 | -9/Mines | Assembled infested the area 2212 | -9/Mines | Assisted by bots powering up and referring to "LRC-V3" 2244 | -9/Mines | Destroyed 12 combat bots 2250 | -9/Mines | Lost 3 allies 2313 | -9/Mines | Core integrity fell below 50% 2343 | -9/Mines | Core integrity fell below 20% 2354 | -9/Mines | Destroyed by G-34 Mercenary with Small Laser Last Messages --------------- 02219_ as-66444 destroyed. 02219_ as-91372 destroyed. 02219_ Trooper 2b destroyed. 02220_ The unstable cave ceiling collapses. 02223_ as-13871 destroyed. 02225_ Acquired 11 matter. 02227_ Acquired 19 matter. 02230_ Acquired 4 matter. 02236_ Acquired 21 matter. 02269_ The unstable cave ceiling collapses. 02272_ R-06 Scavenger collects Imp. Heat Sink. 02273_ The unstable cave ceiling collapses. 02279_ Discarded Signal Interpreter. 02282_ The unstable cave ceiling collapses. 02295_ R-06 Scavenger collects Visual Processing Unit. 02300_ The unstable cave ceiling collapses. 02310_ Ion Engine destroyed. 02312_ Rocket Launcher destroyed. 02314_ The unstable cave ceiling collapses. 02351_ Lgt. Armor Plating destroyed. Map ----- +----------------------------------------------------+ | ?? ????# "" * ""?????????????????????????? | | ?? ###?# """%|* ??????????????????????????? | | ?? " " ## =%|[*% ??????????????????????????? | | ???" "! ??????????????????????????? | | ?#?? [ ???????????????????????????? | | ?# ? # ""????????????????????????????? | | ?# ?# ?????????????????????????????? | | ?# # %! ??????????????????????????????? | | ?# # [ #???????????????????????????????? | | ???# # # %# ##??????????????????????????????? | | ????# # # #????###???????????????????????? | | ????????# # #???## #??????????????????????? | | ??????????# ##?# #?????????????????????? | | ??????????### ### < ##????????????????????? | | ????????????# # ##???????????????????? | | ????????????## #?????###???????????? | | ?????? ### ###???### ##??????????? | | ?????# #### ### #?? ???####= #??????????? | | ????????????????#####?? ##### *= =##??????????? | | ???????????????????????# # # = #??????????? | | ???????????????????????# # % ##?????????? | | ???????????????????????# ##????????? | | ?????????????????????### #????????? | | ?????????????????????# # #????????? | | ?????????????????????## gg # #????????? | | ?????????????????????# @ #####% # #????????? | | ????????????????????## #### #????????? | | ????????????????????# # # ##????????? | | ????????????????????# # #?????????? | | ????????# #?????????#### # #?????????? | | ???????## ##???????# # ###########?????????? | | ??????## ???????## #??????????????????? | | ?????## ????????## ##??????????????????? | | ?????# ??????## # ###??????????????????? | | ????## ?????## #??????????????????? | | ????# ?????# #??????????????????? | | ????# #????# ### #??????????????????? | | ????# ##### #?? #??????????????????? | | ????# ## #?? #??????????????????? | | ????# ##??? #??????????????????? | | ??????????# ##???? ??????????????????? | | ??????????## ##?????? ??????????????????? | | ??????????## #???????##?????????????????? | | ??????????# ##??????????????????????????? | | ??????????# #??????????????????????????? | | ??????????## #??????????????????????????? | | ???????????### #??????????????????????????? | | ??????????## ##??????????????????????????? | | ??????????# #???????????????????????????? | | ??????????# # #???????????????????????????? | +----------------------------------------------------+ Best States ------------- Heat Dissipation 25 Energy Generation 10 Energy Capacity 250 Matter Stores 300 Matter Capacity 300 Sight Range 16 Terrain Scan Range 16 Terrain Scan Density 10 Armor Coverage 150 Propulsion Shielding 33 Evasion (%) 66 Recoil Reduction 2 Item Schematics ----------------- None Robot Schematics ------------------ None Fabricated ------------ Nothing Alien Tech Used ----------------- None Achievements -------------- None Challenges ------------ None Game ------ Seed TimingFrostTrap Manual? 0 Play Time 00:36:15 Cumulative 28.0 hours Start 2024.06.08 @ 19:25:22 End 2024.06.09 @ 03:24:29 Sessions 5 Manual Loads 0 Difficulty Rogue Special Mode None Game No. 19 Rogue 18 Adventurer 0 Explorer 1 Win Type - Total 2 Types 2/0/0/0/0/0/0/0/0 Lore% 22 Gallery% 26 Achievement% 28 Wizard Run 0 Options --------- Layout 0 ASCII 0 Keyboard 0 Movement Mouse Keybinds 0 Fullscreen 2 Font 18/SmallcapsGlow Map View 76x50 Zoom Use 0% Tactical HUD 1 Map Filters NONE Filters NONE Steam 1 RUN: 7d752162-3ee4-4671-833a-2dd7f09415f0